 Dungeon Crawl Stone Soup version 0.22.1-1-ga44c0e5 (webtiles) character file.

621 juanjsm the Sneak (level 7, 0/32 HPs)
             Began as a Spriggan Wizard on Oct 20, 2018.
             Succumbed to a worker ant's poison
             ... on level 5 of the Dungeon on Oct 22, 2018.
             The game lasted 00:50:31 (6086 turns).

juanjsm the Sneak (Spriggan Wizard)                 Turns: 6086, Time: 00:50:32

Health: 0/32       AC:  1    Str:  3    XL:     7   Next: 22%
Magic:  6/16       EV: 20    Int: 24    God:
Gold:   300        SH:  0    Dex: 17    Spells: 4/17 levels left

rFire    . . .     SeeInvis +   y - +2 dagger (speed)
rCold    . . .     Gourm    .   (shield restricted)
rNeg     . . .     Faith    .   (armour restricted)
rPois    .         Spirit   .   b - +0 hat
rElec    .         Reflect  .   L - +0 cloak {+Inv}
rCorr    .         Harm     .   (gloves unavailable)
MR       +....                  (boots unavailable)
Stlth    ++++......             (no amulet)
HPRegen  0.10/turn              G - +3 ring of intelligence
MPRegen  0.15/turn              I - ring of stealth

@: lethally poisoned (0 -> -7), very slightly contaminated, very quick
A: very small, unfitting armour, see invisible, agile 1, herbivore, speed 3,
slow metabolism 2, sturdy frame 1
a: Evoke Invisibility


You were on level 5 of the Dungeon.
You were hungry.

You visited 2 branches of the dungeon, and saw 10 of its levels.
You also visited: Sewer.

You collected 300 gold pieces.

Inventory:

Hand Weapons
 y - a +2 dagger of speed (weapon)
Missiles
 g - 62 sling bullets
 p - 2 needles of paralysis
 u - 26 poisoned needles
Armour
 a - a +0 robe
 b - a +0 hat (worn)
 z - the +2 robe of Pier {rElec rPois rF++ Str-5}
   (You found it on level 4 of the Dungeon)

   It affects your strength (-5).
   It greatly protects you from fire.
   It insulates you from electricity.
   It protects you from poison.
 L - a +0 cloak of invisibility (worn)
Jewellery
 G - a +3 ring of intelligence (left hand)
 I - a ring of stealth (right hand)
 J - an uncursed ring of fire
Wands
 A - a wand of clouds (6)
Scrolls
 c - a scroll of identify
 f - a scroll of amnesia {unknown}
 i - 3 scrolls of fog {unknown}
 j - a scroll of random uselessness {unknown}
 l - a scroll of noise {unknown}
 m - a scroll of blinking {unknown}
 n - 2 scrolls of enchant weapon {unknown}
 o - 2 scrolls of teleportation {unknown}
 q - 10 scrolls of remove curse
 v - 3 scrolls of immolation {unknown}
 C - a scroll of fear {unknown}
 E - a scroll of enchant armour {unknown}
Potions
 e - 3 potions of flight
 h - 3 potions of heal wounds
 k - a potion of brilliance {unknown}
 r - a potion of degeneration {unknown}
 s - 2 potions of resistance
 t - a potion of curing {unknown}
 w - a potion of magic {unknown}
 x - a potion of lignification {unknown}
 B - 2 potions of cancellation
 D - a potion of invisibility {unknown}
 F - a potion of agility {unknown}
 H - a potion of haste {unknown}
 K - a potion of might {unknown}
Comestibles
 d - 16 rations


   Skills:
 * Level 5.0 Dodging
 * Level 6.2 Stealth
 * Level 5.8 Spellcasting
 + Level 1.9 Conjurations
 + Level 2.1 Hexes
 + Level 1.7 Summonings
 + Level 3.7 Translocations
 + Level 1.5 Fire Magic


You had 4 spell levels left.
You knew the following spells:

 Your Spells              Type           Power        Failure   Level  Hunger
a - Magic Dart            Conj           ###.         3%          1    None
b - Call Imp              Summ           ###.....     6%          2    None
c - Blink                 Tloc           N/A          2%          2    None
d - Slow                  Hex            ###.....     4%          2    None
e - Conjure Flame         Conj/Fire      ###.....     12%         3    #......
f - Mephitic Cloud        Conj/Pois/Air  ##......     19%         3    #......

Your spell library contained the following spells:

 Spells                   Type           Power        Failure   Level  Hunger


Dungeon Overview and Level Annotations

Branches:
Dungeon (9/15)               Lair (1/6) D:8
 Temple: D:4-7          Orc: D:9-12

Altars:
Elyvilon
Gozag
Hepliaklqana
Nemelex Xobeh
Vehumet
Zin
The Shining One

Shops:
D:6 *

Annotations:
D:6 2 transporters, SaintRoka's ghost, amateur DETm


Innate Abilities, Weirdness & Mutations

You are very small and have problems with some larger weapons.
You are too small for most types of armour.
You have supernaturally acute eyesight. (SInv)
You are a herbivore.
You cover ground extremely quickly.
You need to consume almost no food.
You are agile. (Dex +2)
Your movements are slightly less encumbered by armour. (ER -2)


Message History

You barely miss the worker ant.
The worker ant is heavily wounded.
The worker ant misses you.
Your crimson imp barely misses the worker ant.
There is a stone staircase leading up, spattered with blood here.
Casting: Magic Dart (safe; 3% risk of failure)
Confirm with . or Enter, or press ? or * to list all spells.
You miscast Call Imp.
You are very lightly contaminated with residual magic.
You hear strange voices.
The phantom blinks!
The worker ant bites you.
You are poisoned.
The worker ant poisons you!
You feel sick.
Your crimson imp hits the worker ant.
You feel sick.
Your crimson imp blinks!
The phantom hits you!
* * * LOW HITPOINT WARNING * * *
The phantom blinks!
You die...

#.... #..... +.... .
#...# #####+###.
#####...####+#.........
...#
#............#.........
...#
#.....§..a...#.........
...#
#..........<.#.........
...#
#.....@......#.........
...#
#..........§.#.........
...#
#............#..W......
...#
#.......5....#.........
...####+#
#+#####+####W#.........
.........
...............##+####.
.........
...............# #.
.........
...............# #.
.........
...............# #.


You could see a phantom, a worker ant and a friendly crimson imp.

Vanquished Creatures
  2 ogres (D:4)
  A big kobold (Sewer)
  A jelly (D:8)
  2 hounds
  Jessica (D:3)
  3 worker ants
  3 gnolls (D:4)
  5 adders
  2 river rats
  2 oozes
  A dart slug (D:2)
  A leopard gecko (D:1)
  2 orcs (D:7)
  A ball python (D:1)
  7 bats
  2 giant cockroaches (D:1)
  8 hobgoblins
  A jackal (Sewer)
  10 kobolds
  4 quokkas
  2 frilled lizards (D:1)
  5 goblins
  A quokka skeleton (D:4)
  A quokka zombie (D:7)
  10 rats
78 creatures vanquished.

Vanquished Creatures (collateral kills)
  An ogre (D:4)
  2 adders
  2 river rats
  2 adder skeletons (D:4)
  4 worms (D:3)
  4 goblins
  A hobgoblin (D:2)
  2 kobolds (D:2)
  A bat (D:3)
  A rat (D:2)
20 creatures vanquished.

Grand Total: 98 creatures vanquished

Notes
Turn   | Place    | Note
-------+----------+-------------------------------------------
     0 | D:1      | juanjsm the Spriggan Wizard began the quest for the Orb.
     0 | D:1      | Reached XP level 1. HP: 9/9 MP: 6/6
   267 | D:1      | Reached XP level 2. HP: 9/13 MP: 2/8
   277 | D:1      | Reached skill level 1 in Conjurations
   281 | D:1      | Learned a level 2 spell: Call Imp
   284 | D:1      | Learned a level 2 spell: Blink
   287 | D:1      | Learned a level 2 spell: Slow
   700 | D:1      | Reached XP level 3. HP: 7/16 MP: 0/9
   710 | D:1      | Learned a level 3 spell: Conjure Flame
   981 | D:2      | Reached skill level 4 in Stealth
  1775 | D:2      | Reached XP level 4. HP: 21/21 MP: 0/11
  1992 | D:3      | Found a hazy altar of Hepliaklqana.
  2274 | D:3      | Found a glowing golden altar of the Shining One.
  2274 | D:3      | Found a glowing silver altar of Zin.
  2275 | D:3      | Found a white marble altar of Elyvilon.
  2369 | D:3      | Noticed Jessica
  2383 | D:3      | Killed Jessica
  2383 | D:3      | Reached skill level 1 in Summonings
  2665 | D:3      | Reached XP level 5. HP: 16/24 MP: 3/13
  2670 | D:3      | Learned a level 3 spell: Mephitic Cloud
  2670 | D:3      | Found a glowing drain.
  2673 | D:3      | Reached skill level 1 in Hexes
  2685 | D:3      | Reached skill level 5 in Spellcasting
  2693 | Sewer    | Entered a sewer
  2826 | Sewer    | Reached skill level 5 in Stealth
  2847 | Sewer    | Found a white marble altar of Elyvilon.
  3007 | D:4      | Noticed an ogre
  3012 | D:4      | Noticed an ogre
  3043 | D:3      | Reached skill level 1 in Fire Magic
  3081 | D:4      | Got a thick robe
  3280 | D:3      | Identified the +2 robe of Pier {rElec rPois rF++ Str-5}
                  | (You found it on level 4 of the Dungeon)
  3280 | D:3      | Lost strength.
  3338 | D:4      | Reached XP level 6. HP: 19/28 MP: 11/14
  3476 | D:5      | Entered Level 5 of the Dungeon
  3533 | D:6      | Noticed a sky beast
  3538 | D:6      | Found a radiant altar of Vehumet.
  3552 | D:6      | Found a transporter.
  3595 | D:7      | Noticed an ice beast
  3638 | D:7      | Noticed an orc warrior
  3644 | D:7      | Noticed a hippogriff
  3713 | D:6      | HP: 1/28 [hound (6)]
  4221 | D:6      | Found a transporter.
  4225 | D:6      | Noticed SaintRoka's ghost (amateur DETm)
  4270 | D:6      | Found an opulent altar of Gozag.
  4275 | D:6      | Found Gozag's Platinum Reserve.
  4452 | D:7      | Noticed an orc warrior
  4464 | D:7      | Noticed a sky beast
  4518 | D:8      | Noticed a hungry ghost
  4543 | D:8      | Noticed a two-headed ogre
  4587 | D:9      | Noticed a yak
  4618 | D:8      | Noticed an ice beast
  4869 | D:8      | Found a staircase to the Lair.
  4889 | Lair:1   | Entered Level 1 of the Lair of Beasts
  4904 | D:8      | Noticed an orc warrior
  5027 | D:7      | Gained mutation: You are surrounded by a mild repulsion
                  | field. (EV +2) [potion of mutation]
  5027 | D:7      | Gained mutation: You have sharp toenails. [potion of
                  | mutation]
  5028 | D:7      | Lost mutation: You have sharp toenails. [potion of
                  | mutation]
  5028 | D:7      | Lost mutation: You are surrounded by a mild repulsion
                  | field. (EV +2) [potion of mutation]
  5028 | D:7      | Gained mutation: Your movements are slightly less
                  | encumbered by armour. (ER -2) [potion of mutation]
  5028 | D:7      | Gained mutation: You are agile. (Dex +2) [potion of
                  | mutation]
  5569 | D:4      | Found a sparkling altar of Nemelex Xobeh.
  5711 | D:4      | Reached skill level 6 in Stealth
  5868 | D:4      | Reached XP level 7. HP: 31/32 MP: 7/16
  5917 | D:4      | Reached skill level 5 in Dodging
  6085 | D:5      | HP: 1/32 [phantom (8)]
  6086 | D:5      | Succumbed to a worker ant's poison

Skill      XL: |  1  2  3  4  5  6  7 |
---------------+----------------------+-----
Conjurations   | 1 |  1.9
Stealth        | 4 5 6 |  6.2
Translocations | 2 3 |  3.7
Summonings     | 1 |  1.7
Dodging        | 4 5 |  5.0
Hexes          | 1 2 |  2.1
Spellcasting   | 5 |  5.8
Fire Magic     | 1 |  1.5

Action                   |  1- 3 |  4- 6 |  7- 9 || total
-------------------------+-------+-------+-------++-------
Melee: Unarmed           |    90 |       |       ||    90
       Dagger            |    12 |    55 |     5 ||    72
 Cast: Magic Dart        |   101 |   102 |    11 ||   214
       Call Imp          |     8 |    22 |     3 ||    33
       Conjure Flame     |     2 |     2 |       ||     4
       Blink             |       |     8 |       ||     8
       Mephitic Cloud    |       |     7 |     1 ||     8
  Use: Scroll            |       |     6 |       ||     6
       Potion            |       |     2 |       ||     2
 Stab: Sleeping          |     5 |    13 |     1 ||    19
       Confused          |       |     2 |       ||     2
  Eat: Ration            |       |     1 |       ||     1
Armor: Robe              |    18 |     7 |       ||    25
Dodge: Dodged            |   132 |    90 |     9 ||   231
